 Dungeon Crawl Stone Soup version 0.17-a0-1716-gdf19ebb (console) character file.

947 Monkaria the Covert (level 7, -11/31 HPs)
             Began as a Felid Berserker on Aug 24, 2015.
             Was a Believer of Trog.
             Mangled by a gnoll
             ... wielding a cursed +0 halberd
              (14 damage)
             ... on level 5 of the Dungeon.
             The game lasted 00:06:23 (4914 turns).

Monkaria the Covert (Felid Berserker)               Turns: 4914, Time: 00:06:23

Health: -11/31     AC:  2    Str: 14    XL:     7   Next: 89%
Magic:  8/8        EV: 14    Int:  9    God:    Trog [**....]
Gold:   229        SH:  0    Dex: 16    Spells: 0 memorised, 6 levels left
                                        Lives:  0   Deaths: 2

rFire  . . .     SeeInvis +       - Unarmed
rCold  . . .     Clarity  .     (armour unavailable)
rNeg   . . .     SustAt   .     (shield unavailable)
rPois  .         Gourm    .     (helmet unavailable)
rElec  .         Spirit   .     (cloak unavailable)
rCorr  .         Warding  .     (gloves unavailable)
rMut   .         Stasis   .     (boots unavailable)
MR     +++..                    (no amulet)
Stlth  ++++++....               (no ring)
                                k - ring of invisibility

@: regenerating, quick, extremely resistant to hostile enchantments, very
stealthy
A: no armour, no weapons or thrown items, claws 1, fangs 3, see invisible,
carnivore 3, speed 1, shaggy fur 2, slow metabolism 1, sharp paws
a: Burn Spellbooks, Berserk, Trog's Hand, Renounce Religion, Evoke Invisibility


You were on level 5 of the Dungeon.
You worshipped Trog.
Trog was pleased with you.
You were very full.

You visited 1 branch of the dungeon, and saw 5 of its levels.

You collected 229 gold pieces.

Inventory:

Jewellery
 k - a ring of invisibility (left paw)
 r - an uncursed ring of fire {unknown}
 t - a +3 ring of dexterity {unknown}
Magical devices
 w - a wand of slowing (16)
Scrolls
 b - 2 scrolls of immolation {unknown}
 e - a scroll of recharging {unknown}
 g - 3 scrolls of identify {unknown}
 h - a scroll of magic mapping {unknown}
 o - a scroll of enchant armour {unknown}
 q - 2 scrolls of remove curse {unknown}
 s - a scroll of blinking {unknown}
 v - a scroll of amnesia {unknown}
Potions
 c - 2 potions of curing
 i - 2 potions of haste {unknown}
 j - a potion of cure mutation {unknown}
 l - a potion of ambrosia {unknown}
 m - 2 potions of might
 n - a potion of magic {unknown}
 p - a potion of flight {unknown}
 u - a potion of brilliance {unknown}
Comestibles
 a - 2 meat rations
 d - a beef jerky
 f - 2 slices of pizza


   Skills:
 - Level 3.0 Fighting
 - Level 4.0 Dodging
 + Level 10.8 Stealth
 - Level 7.0 Unarmed Combat


You had 6 spell levels left.
You didn't know any spells.

Dungeon Overview and Level Annotations

Branches:
Dungeon (5/15)
 Temple: D:4-7

Altars:
Ashenzari
Dithmenos
Elyvilon
Kikubaaqudgha
Vehumet
Xom
Yredelemnul
Zin


Innate Abilities, Weirdness & Mutations

You cannot wear armour.
You are incapable of wielding weapons or throwing items.
You have sharp claws.
You have razor-sharp teeth.
You have supernaturally acute eyesight.
You are carnivorous and can eat meat at any time.
You cover ground quickly.
You are covered in thick fur (AC +2).
You have a slow metabolism.
Your sharp claws are effective at attacking unaware monsters.


Message History

Your skin crawls.
You feel resistant to hostile enchantments.
You feel slightly less full.
The gnoll hits you with an enchanted halberd!
The gnoll hits you with a halberd!
* * * LOW HITPOINT WARNING * * *
The gnoll barely misses you.
Drink which item? (? for menu, Esc to quit)
It was a potion of curing.
You feel better. The gnoll completely misses you.
The gnoll hits you with an enchanted halberd.
The gnoll hits you from afar with a spear.
* * * LOW HITPOINT WARNING * * *
The gnoll barely misses you.
Drink which item? (? for menu, Esc to quit)
Okay, then.
The gnoll hits you but does no damage. The gnoll barely misses you.
The gnoll hits you from afar with a spear!
* * * LOW HITPOINT WARNING * * *
The gnoll hits you with a halberd!
You die...

##....#...####..## #......#
######...###...# #...## ##..#####
#≈≈≈≈≈...# ##..####...###..##
.≈###≈..## ##..###....#...# ..+
#≈..## #...##.......##
.≈###≈...## #....#........##
.≈≈≈≈≈....## #..............#####
...........####g.g.##............
............##..@#####...##....##
..<.........#..g## #...##..###
..............g## #...##..#
..............## #...##..#
...............# #.......#
...............# #.......#
................# #...###...#
................# #...## ###..#
.................#....# ..#


You could see 4 gnolls.

Vanquished Creatures
  Pikel (D:4)
  Edmund (D:4)
  A slave (D:4)
  A phantom (D:5)
  An ogre (D:4)
  A hound (D:4)
  A giant frog skeleton (D:4)
  4 orc priests
  3 orc wizards
  Natasha (thrice) (D:4)
  A hound skeleton (D:5)
  6 adders
  A shadow imp (D:4)
  3 oozes
  5 worms
  3 giant geckos
  17 orcs
  7 bats
  3 giant cockroaches
  6 goblins
  9 hobgoblins
  7 jackals
  6 kobolds
  A quokka (D:4)
  A ball python (D:4)
  2 giant gecko skeletons (D:4)
  A giant newt (D:1)
  10 rats
106 creatures vanquished.

Notes
Turn   | Place    | Note
--------------------------------------------------------------
     0 | D:1      | Monkaria the Felid Berserker began the quest for the Orb.
     0 | D:1      | Reached XP level 1. HP: 10/10 MP: 2/2
    91 | D:1      | Reached XP level 2. HP: 14/14 MP: 3/3
   228 | D:1      | Acquired Trog's second power
   292 | D:1      | Reached XP level 3. HP: 13/17 MP: 4/4
   502 | D:2      | Found a shadowy altar of Dithmenos.
  1292 | D:2      | Reached skill level 5 in Unarmed Combat
  1292 | D:2      | Reached XP level 4. HP: 12/21 MP: 5/5
  1386 | D:3      | Found a basalt altar of Yredelemnul.
  1386 | D:3      | Found a shimmering altar of Xom.
  1386 | D:3      | Found a white marble altar of Elyvilon.
  1387 | D:3      | Found a shattered altar of Ashenzari.
  1387 | D:3      | Found a glowing silver altar of Zin.
  1532 | D:3      | Found a radiant altar of Vehumet.
  1689 | D:3      | HP: 1/21 [adder (3)]
  1690 | D:3      | Mangled by a kobold
  1691 | D:3      | Reached XP level 3. HP: -6/17 MP: 4/4
  1920 | D:3      | Reached XP level 4. HP: 14/21 MP: 5/5
  2399 | D:4      | Reached skill level 6 in Unarmed Combat
  2455 | D:4      | Noticed an ogre
  2455 | D:4      | Reached XP level 5. HP: 24/24 MP: 6/6
  2463 | D:4      | Killed an ogre
  2592 | D:4      | Reached skill level 7 in Unarmed Combat
  2635 | D:4      | Reached skill level 1 in Stealth
  2635 | D:4      | Gained mutation: You are covered in thick fur (AC +2). [Felid growth]
  2635 | D:4      | Reached XP level 6. HP: 14/28 MP: 7/7
  2824 | D:4      | Noticed Edmund
  2921 | D:4      | Killed Edmund
  3327 | D:4      | Noticed Natasha
  3330 | D:4      | Killed Natasha
  3340 | D:4      | Reached skill level 5 in Stealth
  3627 | D:4      | Reached XP level 7. HP: 29/31 MP: 8/8
  3656 | D:4      | Noticed Pikel
  3656 | D:4      | Noticed a slave
  3656 | D:4      | Noticed a slave
  3656 | D:4      | Noticed a slave
  3656 | D:4      | Noticed a slave
  3668 | D:4      | Killed a slave
  3688 | D:4      | Slain by Pikel
  3689 | D:4      | Reached XP level 6. HP: -4/28 MP: 7/7
  4019 | D:4      | Killed Pikel
  4019 | D:4      | Reached skill level 9 in Stealth
  4019 | D:4      | Reached XP level 7. HP: 21/31 MP: 8/8
  4057 | D:4      | Noticed Natasha
  4068 | D:4      | Killed Natasha
  4211 | D:4      | Noticed Natasha
  4216 | D:4      | Killed Natasha
  4254 | D:5      | Entered Level 5 of the Dungeon
  4307 | D:5      | Found an ancient bone altar of Kikubaaqudgha.
  4315 | D:5      | Reached skill level 10 in Stealth
  4914 | D:5      | Mangled by a gnoll

Vault maps used:
D:1:      tarquinn_simple_flora_water_f, nrook_uturn
D:2:      lemuel_crystal_altar, first_bread, interstate_on_off,
          minmay_crystal_water
D:3:      forest_paths, vehumet_crystals, grunt_temple_overflow_open
D:4:      uniq_pikel, uniq_natasha, uniq_edmund
D:5:      kennysheep_mini_moat, basic_altar, minmay_lizard_king

Action                   |  1- 3 |  4- 6 |  7- 9 || total
-------------------------+-------+-------+-------++-------
Melee: Unarmed           |   131 |   112 |    69 ||   312
Invok: Berserk           |     4 |     6 |     4 ||    14
       Trog's Hand       |     2 |     3 |     5 ||    10
  Use: Potion            |       |       |     2 ||     2
 Stab: Sleeping          |     6 |     7 |     1 ||    14
       Distracted        |       |     1 |       ||     1
  Eat: Chunk             |    10 |    18 |    10 ||    38
